 Dungeon Crawl Stone Soup version 0.24.0-13-gcf9b319 (webtiles) character file.

Game seed: 529506399162533467, levelgen mode: deterministic

379 Cassiopeia the Cudgeler (level 6, 0/84 HPs)
             Began as a Minotaur Berserker on May 8, 2020.
             Was a Priest of Trog.
             Succumbed to a scorpion's poison
             ... on level 4 of the Dungeon.
             The game lasted 00:10:44 (3631 turns).

Cassiopeia the Cudgeler (Minotaur Berserker)        Turns: 3631, Time: 00:10:45

Health: 0/84       AC:  2    Str: 27    XL:     6   Next: 45%
Magic:  5/5        EV: 13    Int:  4    God:    Trog [***...]
Gold:   207        SH:  0    Dex: 11    Spells: 5/5 levels left

rFire    . . .     SeeInvis .   a - +0 mace
rCold    . . .     Gourm    .   (no shield)
rNeg     . . .     Faith    .   b - +0 animal skin
rPois    .         Spirit   .   (helmet restricted)
rElec    .         Reflect  .   (no cloak)
rCorr    .         Harm     .   (no gloves)
MR       ++...                  (no boots)
Stlth    ..........             (no amulet)
HPRegen  1.24/turn              (no ring)
MPRegen  0.09/turn              (no ring)

@: berserking, lethally poisoned (0 -> -2), regenerating, very quick
A: retaliatory headbutt, horns 2
a: Berserk, Trog's Hand, Renounce Religion


You were on level 4 of the Dungeon.
You worshipped Trog.
Trog was most pleased with you.
You were hungry.

You visited 1 branch of the dungeon, and saw 4 of its levels.

You collected 207 gold pieces.

Inventory:

Hand Weapons
 a - a +0 mace (weapon)
 q - a +1 whip of distortion
Armour
 b - a +0 animal skin (worn)
 f - a +0 scale mail
 g - a +1 cloak
 t - a +0 ring mail
 u - a +0 ring mail
Jewellery
 v - a +2 ring of evasion {unknown}
Scrolls
 d - 3 scrolls of identify {unknown}
 e - a scroll of fear {unknown}
 h - 3 scrolls of remove curse {unknown}
 n - 2 scrolls of teleportation {unknown}
 p - a scroll of enchant armour {unknown}
Potions
 i - 2 potions of brilliance {unknown}
 j - a potion of invisibility {unknown}
 k - a potion of lignification {unknown}
 l - a potion of flight {unknown}
 m - a potion of heal wounds {unknown}
 o - 3 potions of mutation {unknown}
 r - 2 potions of might {unknown}
 w - a potion of agility {unknown}
Comestibles
 c - 10 rations
 s - a chunk of flesh


   Skills:
 + Level 5.4 Fighting
 + Level 5.4 Maces & Flails
 + Level 4.6 Armour
 + Level 4.1 Dodging


You had 5 spell levels left.
You didn't know any spells.
Your spell library was empty.

Dungeon Overview and Level Annotations

Branches:
Dungeon (4/15)
 Temple: D:4-7

Altars:
Hepliaklqana
Kikubaaqudgha
Nemelex Xobeh
Sif Muna
Trog


Innate Abilities, Weirdness & Mutations

You reflexively headbutt those who attack you in melee.
You have a pair of horns on your head.


Message History

The scorpion is severely wounded.
You feel sick. The scorpion stings you!
* * * LOW HITPOINT WARNING * * *
You are more poisoned.
The scorpion poisons you!
You hit the scorpion but do no damage. Your headbutt misses the scorpion.
The scorpion is severely wounded.
* * * LOW HITPOINT WARNING * * *
You feel very sick. The scorpion stings you!
* * * LOW HITPOINT WARNING * * *
Your skin crawls.
You feel resistant to hostile enchantments.
You feel quite a bit more hungry.
* * * LOW HITPOINT WARNING * * *
You feel sick. The scorpion misses you.
A red film seems to cover your vision as you go berserk!
You feel yourself moving faster!
You feel mighty!
You are feeling hungry.
You die...

.. # #.# #.##########..#
#....##......#
######.....##.##
###.........#...# .
....#####.###(### ...
^.............#####....#
########.....#..@s..#
.......#.....#.####.....
...............# #..
##........##....
................
##.......#####..#
.........(.......
.........## #...
##...........#


You could see a scorpion.

Vanquished Creatures
  An ogre (D:3)
  A bullfrog zombie (D:4)
  2 orc priests (D:3)
  An orc wizard (D:2)
  Jessica (D:2)
  A hound skeleton (D:4)
  A howler monkey skeleton (D:4)
  3 adders
  A worm (D:3)
  2 dart slugs
  2 leopard geckos (D:3)
  14 orcs
  3 ball pythons
  3 bats
  2 giant cockroaches
  4 goblins
  5 hobgoblins
  5 jackals (D:3)
  12 kobolds
  5 quokkas
  A frilled lizard (D:1)
  10 rats
80 creatures vanquished.

Notes
Turn   | Place    | Note
-------+----------+-------------------------------------------
     0 | D:1      | Cassiopeia the Minotaur Berserker began the quest for the
                  | Orb.
     0 | D:1      | Reached XP level 1. HP: 19/19 MP: 0/0
   217 | D:1      | Reached XP level 2. HP: 27/27 MP: 1/1
   885 | D:2      | Reached ** piety under Trog
   933 | D:2      | Reached XP level 3. HP: 30/33 MP: 2/2
  1079 | D:2      | Noticed Jessica
  1085 | D:2      | Killed Jessica
  1085 | D:2      | Reached XP level 4. HP: 41/41 MP: 3/3
  1442 | D:2      | Found an ancient bone altar of Kikubaaqudgha.
  1710 | D:3      | Noticed an ogre
  1720 | D:3      | Killed an ogre
  1720 | D:3      | Reached XP level 5. HP: 45/47 MP: 4/4
  2129 | D:3      | Reached skill level 5 in Fighting
  2129 | D:3      | Reached skill level 5 in Maces & Flails
  2718 | D:3      | Found a shimmering blue altar of Sif Muna.
  2733 | D:3      | Reached XP level 6. HP: 56/56 MP: 5/5
  2762 | D:3      | Reached *** piety under Trog
  2910 | D:3      | Found a bloodstained altar of Trog.
  2960 | D:3      | Found a sparkling altar of Nemelex Xobeh.
  3174 | D:3      | Found a hazy altar of Hepliaklqana.
  3629 | D:4      | HP: 1/56 [scorpion (8)]
  3631 | D:4      | Succumbed to a scorpion's poison

Levels and vault maps discovered:
D:1:      saegor_arrival_simple_e, layout_basic, st_stairs_6
D:2:      layout_loops_corners, old_standard_altar, kennysheep_jessica_study
D:3:      layout_loops_ring, lemuel_crystal_altar, overflow_temple_1_default,
          lemuel_doored_altar, first_ration, nemelex_lonely_heart_becter
D:4:      layout_rooms, lemuel_coloured_pillars_altar, minmay_puff

Skill      XL: |  1  2  3  4  5  6 |
---------------+-------------------+-----
Maces & Flails | 4 5 |  5.4
Fighting       | 4 5 |  5.4
Armour         | 3 4 |  4.6
Dodging        | 3 4 |  4.1

Action                   |  1- 3 |  4- 6 || total
-------------------------+-------+-------++-------
Melee: Mace              |    46 |   112 ||   158
       Headbutt          |     6 |    18 ||    24
Invok: Berserk           |     2 |     5 ||     7
       Trog's Hand       |       |     1 ||     1
 Stab: Sleeping          |       |     1 ||     1
  Eat: Chunk             |     2 |     9 ||    11
       Ration            |       |     1 ||     1
Armor: Animal skin       |     7 |    10 ||    17
Dodge: Dodged            |    26 |    90 ||   116
